 Dungeon Crawl Stone Soup version 0.20.0-3-g22ec75f (webtiles) character file.

10902 Angani the Cleaver (level 11, -3/106 HPs)
             Began as a Deep Dwarf Fighter on May 26, 2017.
             Was a Priest of Makhleb.
             Slain by a spiny frog (4 damage)
             ... on level 1 of the Lair of Beasts.
             The game lasted 00:32:34 (9145 turns).

Angani the Cleaver (Deep Dwarf Fighter)             Turns: 9145, Time: 00:32:34

Health: -3/106     AC: 10    Str: 23    XL:     11   Next: 42%
Magic:  3/3        EV: 14    Int: 11    God:    Makhleb [***...]
Gold:   625        SH:  0    Dex: 12    Spells: 10/10 levels left

rFire    . . .     SeeInvis +   B - +0 battleaxe
rCold    . . .     Gourm    +   (shield currently unavailable)
rNeg     + + +     Faith    .   z - +0 acid dragon scales of Ceomegif {rN++ MR+ Regen+ rCorr SInv}
rPois    .         Spirit   .   (no helmet)
rElec    .         Reflect  .   A - +0 cloak
rCorr    +         Harm     .   h - +0 pair of gloves
MR       +++++                  (no boots)
Stlth    +.........             k - amulet of the gourmand
Regen    0.0/turn               F - ring of Vilyhun {rN+ MR+++ Int+2}
MPRegen  0.1/turn               j - ring of protection from magic

@: lethally poisoned (-3 -> -3), non-regenerating
A: damage resistance, heal wounds, low mp 1, sense surroundings 2, no
regeneration
a: Heal Wounds, Minor Destruction, Lesser Servant of Makhleb, Renounce Religion


You were on level 1 of the Lair of Beasts.
You worshipped Makhleb.
Makhleb was most pleased with you.
You were very full.

You visited 3 branches of the dungeon, and saw 13 of its levels.
You also visited: Bailey.

You collected 625 gold pieces.

Inventory:

Hand Weapons
 B - a +0 battleaxe (weapon)
Armour
 h - a +0 pair of gloves (worn)
 z - the +0 acid dragon scales of Ceomegif (worn) {rN++ MR+ Regen+ rCorr SInv}
   (You found it in a bailey)

   It greatly protects you from negative energy.
   It affects your resistance to hostile enchantments.
   It lets you see invisible.
   It increases your rate of regeneration.
   It protects you from acid and corrosion.
 A - a +0 cloak (worn)
Jewellery
 b - an uncursed ring of stealth {unknown}
 e - an uncursed ring of see invisible
 j - a ring of protection from magic (right hand)
 k - an amulet of the gourmand (around neck)
 F - the ring of Vilyhun (left hand) {rN+ MR+++ Int+2}
   (You found it in a bailey)

   [ring of intelligence]

   It affects your intelligence (+2).
   It protects you from negative energy.
   It affects your resistance to hostile enchantments.
Wands
 c - a wand of polymorph (16/24)
 n - a wand of confusion (16/48)
 E - a wand of iceblast (1/15)
Scrolls
 d - a scroll of fear
 g - a scroll of remove curse
 m - 3 scrolls of teleportation
 p - 2 scrolls of enchant weapon
 r - 2 scrolls of blinking
 t - a scroll of amnesia
 u - a scroll of immolation
 v - a scroll of noise {unknown}
 x - a scroll of summoning
Potions
 l - 4 potions of curing
 o - a potion of agility
 s - 2 potions of flight
 w - a potion of berserk rage
 D - 2 potions of lignification {unknown}
Miscellaneous
 y - a fan of gales
Comestibles
 a - 6 fruits
 f - 9 bread rations
 i - 7 meat rations
 C - a royal jelly


   Skills:
 - Level 9.0 Fighting
 - Level 11.1 Axes
 - Level 7.0 Armour
 - Level 5.4 Dodging
   Level 9.0 Shields
 + Level 6.8 Invocations


You had 10 spell levels left.
You didn't know any spells.

Dungeon Overview and Level Annotations

Branches:
Dungeon (11/15)            Temple (1/1) D:5            Lair (1/6) D:9
    Orc: D:9-12

Altars:
Ashenzari
Cheibriados
Dithmenos
Elyvilon
Fedhas
Gozag
Hepliaklqana
Kikubaaqudgha
Makhleb
Nemelex Xobeh
Okawaru
Qazlal
Ru
Sif Muna
Trog
Uskayaw
Vehumet
Xom
Yredelemnul
Zin
The Shining One

Annotations:
D:11 Snorg


Innate Abilities, Weirdness & Mutations

You are resistant to damage.
You can heal yourself by infusing magical energy.
You passively map the area around you.
You do not regenerate.
Your magical capacity is low. (-10% MP)


Message History

You are poisoned.
The spiny frog poisons you!
Unknown command.
Your magical essence is drained by the effort!
You feel much better.
The spiny frog stings you but does no damage.
The spiny frog barely misses you.
Unknown command.
You closely miss the spiny frog.
The spiny frog is moderately wounded.
The spiny frog stings you!
You hit the spiny frog.
The spiny frog is heavily wounded.
The spiny frog stings you!
* * * LOW HITPOINT WARNING * * *
Unknown command.
You fail to use your ability.
The spiny frog stings you!!
* * * LOW HITPOINT WARNING * * *
The spiny frog stings you.
You die...

.........#...#....# *
...........####....).. ,
....P....#.# *##....#. ,,*
,* ..#.#...#### P....#. ,
#...##....# #.....$, ,
.........## ###..#.... ,,
...#....†######.....)...,
..>...#.†....#..F.......,*
, P#..###.##......@.....#
, ....# ##.#P.#....(..#.#
> ##..###.............#
*** ,
###..........P.....##
##....#..........#.### ,,
.##...#.....#.#..#...#,,,
.##...#.P........##..# *
.#.##.....##.......#.# #
**
..##....<.P........#...# *


You could see a spiny frog.

Vanquished Creatures
  Erica (D:8)
  2 two-headed ogres
  An unseen horror (D:11)
  Pikel (D:8)
  Maurice (D:8)
  A spiny frog (D:9)
  A kobold demonologist (D:10)
  A komodo dragon (D:9)
  Grinder (D:3)
  Prince Ribbit (D:7)
  5 blink frogs (Lair:1)
  3 hippogriffs
  A meliai zombie (D:11)
  A yak (Lair:1)
  Grum (D:11)
  A hungry ghost (D:8)
  2 water moccasins
  2 sky beasts
  4 orc warriors (Bailey)
  2 phantoms (D:5)
  3 slaves (D:8)
  6 ogres
  3 wolves (D:11)
  The ghost of Sarmenti the Poker, an amateur MfGl (D:3)
  3 centaurs
  A big kobold (D:10)
  8 bullfrogs
  A wyvern skeleton (D:9)
  5 wights (D:8)
  5 crimson imps
  3 bullfrog zombies
  A quasit (D:6)
  A centaur zombie (D:8)
  4 hounds
  7 orc priests
  2 jellies
  A centaur skeleton (D:4)
  3 iguanas
  7 worker ants
  5 orc wizards
  7 hell rats (Lair:1)
  A hound skeleton (D:8)
  7 gnolls
  15 adders
  2 shadow imps
  3 oozes
  3 dart slugs
  5 worms
  4 leopard geckos
  38 orcs
  7 bats
  4 giant cockroaches
  11 goblins
  5 hobgoblins
  13 jackals
  9 kobolds
  A quokka (D:2)
  2 ball pythons
  4 frilled lizards
  A giant cockroach zombie (D:6)
  A jackal skeleton (D:7)
  A leopard gecko skeleton (D:4)
  3 rats
  A fungus (Lair:1)
251 creatures vanquished.

Vanquished Creatures (others)
  3 plants (Lair:1)
3 creatures vanquished.

Grand Total: 254 creatures vanquished

Notes
Turn   | Place    | Note
-------+----------+-------------------------------------------
     0 | D:1      | Angani the Deep Dwarf Fighter began the quest for the Orb.
     0 | D:1      | Reached XP level 1. HP: 20/20 MP: 1/1
    66 | D:1      | Reached skill level 3 in Axes
   152 | D:1      | Reached XP level 2. HP: 27/27 MP: 2/2
   508 | D:1      | Reached XP level 3. HP: 31/33 MP: 3/3
   553 | D:1      | Reached skill level 4 in Axes
  1279 | D:2      | Reached XP level 4. HP: 23/40 MP: 4/4
  1355 | D:2      | Reached skill level 5 in Axes
  1513 | D:2      | You fall through a shaft!
  1658 | D:3      | Noticed Grinder
  1670 | D:3      | Paralysed by Grinder for 7 turns
  1683 | D:3      | Paralysed by Grinder for 6 turns
  1696 | D:3      | Killed Grinder
  1696 | D:3      | Reached skill level 7 in Axes
  1696 | D:3      | Reached XP level 5. HP: 11/46 MP: 4/4
  1696 | D:3      | Reached XP level 6. HP: 13/55 MP: 5/5
  1724 | D:3      | Noticed Sarmenti's ghost (amateur MfGl)
  1977 | D:3      | Found a snail-covered altar of Cheibriados.
  2206 | D:3      | HP: 1/55 [Sarmenti's ghost (10)]
  2210 | D:3      | Killed Sarmenti's ghost
  2210 | D:3      | Reached skill level 8 in Axes
  2534 | D:4      | Reached XP level 7. HP: 24/61 MP: 6/6
  2750 | D:4      | Reached skill level 5 in Armour
  3073 | D:5      | Entered Level 5 of the Dungeon
  3251 | D:5      | Found a staircase to the Ecumenical Temple.
  3262 | Temple   | Entered the Ecumenical Temple
  3310 | Temple   | Became a worshipper of Makhleb the Destroyer
  3441 | D:5      | Reached XP level 8. HP: 23/68 MP: 7/7
  3471 | D:5      | Reached skill level 1 in Dodging
  4299 | D:6      | Reached skill level 5 in Dodging
  4954 | D:7      | Noticed Prince Ribbit
  5175 | D:7      | Reached * piety under Makhleb
  5378 | D:7      | Reached skill level 5 in Shields
  5427 | D:7      | Noticed a hippogriff
  5443 | D:7      | Killed a hippogriff
  5443 | D:7      | Gained mutation: You passively map the area around you. [Deep Dwarf growth]
  5443 | D:7      | Reached XP level 9. HP: 54/74 MP: 3/3
  5809 | D:7      | Killed Prince Ribbit
  6005 | D:8      | Noticed Maurice
  6016 | D:8      | Killed Maurice
  6132 | D:8      | Noticed Pikel
  6170 | D:8      | Killed Pikel
  6170 | D:8      | Reached skill level 5 in Fighting
  6190 | D:8      | Noticed a two-headed ogre
  6195 | D:8      | Killed a two-headed ogre
  6195 | D:8      | Reached XP level 10. HP: 47/92 MP: 4/4
  6338 | D:8      | Noticed Erica
  6345 | D:8      | Killed Erica
  6357 | D:8      | Reached ** piety under Makhleb
  6433 | D:9      | Found a staircase to the Lair.
  7108 | D:10     | Entered Level 10 of the Dungeon
  7510 | D:10     | Reached skill level 9 in Axes
  7537 | D:10     | Found a stormy altar of Qazlal.
  7676 | D:10     | Gained mutation: Your magical capacity is low. (-10% MP) [mutagenic meat]
  7732 | D:11     | Found a flagged portal.
  7743 | Bailey   | Entered a bailey
  7864 | Bailey   | Found an iron altar of Okawaru.
  7873 | Bailey   | Got dazzling acid dragon scales
  7875 | Bailey   | Got a bound turquoise ring
  7884 | Bailey   | Identified the cursed +0 acid dragon scales of Ceomegif {rN++ MR+ Regen+ rCorr SInv} (You found it in a bailey)
  7885 | Bailey   | Identified the ring of Vilyhun {rN+ MR+++ Int+2} (You found it in a bailey)
  7964 | D:11     | Noticed Snorg
  8013 | D:11     | Noticed Grum
  8029 | D:11     | Killed Grum
  8029 | D:11     | Reached skill level 10 in Axes
  8196 | D:11     | Noticed a two-headed ogre
  8201 | D:11     | Killed a two-headed ogre
  8201 | D:11     | Reached XP level 11. HP: 51/106 MP: 0/0
  8206 | D:11     | Noticed an unseen horror
  8230 | D:11     | Killed an unseen horror
  8230 | D:11     | Reached *** piety under Makhleb
  8230 | D:11     | Reached skill level 11 in Axes
  8469 | D:11     | Noticed an eight-headed hydra
  8549 | Lair:1   | Entered Level 1 of the Lair of Beasts
  8557 | Lair:1   | Reached skill level 1 in Invocations
  8736 | D:9      | Reached skill level 5 in Invocations
  9145 | Lair:1   | HP: 1/106 [spiny frog (16)]
  9145 | Lair:1   | Slain by a spiny frog

Skill      XL: |  1  2  3  4  5  6  7  8  9 10 11 |
---------------+----------------------------------+-----
Axes           | 3 4 7 8 10 11 | 11.1
Armour         | 7 |  7.0
Dodging        | 5 |  5.4
Shields        | 6 9 |  9.0
Fighting       | 6 9 |  9.0
Invocations    | 6 |  6.8

Action                   |  1- 3 |  4- 6 |  7- 9 | 10-12 || total
-------------------------+-------+-------+-------+-------++-------
Melee: War axe           |   120 |   114 |   539 |    14 ||   787
       Battleaxe         |       |       |       |   277 ||   277
 Abil: Heal Wounds       |       |     6 |    17 |    15 ||    38
Evoke: Wand              |       |       |    10 |     7 ||    17
  Use: Potion            |       |     6 |       |       ||     6
       Scroll            |       |     9 |     9 |     5 ||    23
  Eat: Chunk             |     1 |     4 |    32 |    10 ||    47
Armor: Scale mail        |    53 |    42 |   174 |    50 ||   319
       Chain mail        |       |       |       |    62 ||    62
       Acid dragon scale |       |       |       |    65 ||    65
Dodge: Dodged            |    36 |    38 |   169 |   292 ||   535
Block: Shield            |    49 |    62 |   276 |     2 ||   389
